[Event "*** Titled Tuesday 3|2 Blitz"]
[Site "Chess.com"]
[Date "2015.01.27"]
[Round "3"]
[White "Gevorg_Harutjunyan"]
[Black "Tomsel"]
[Result "1-0"]
[WhiteElo "2530"]
[BlackElo "2300"]
[TimeControl "180+2"]
[EndTime "11:42:36 PST"]
[Termination "Gevorg_Harutjunyan won by resignation"]

1. e4 c5 2. Nc3 g6 3. f4 Bg7 4. Nf3 Nc6 5. Bb5 d6 6. O-O Bd7 7. Bxc6 Bxc6 8. d3 e6 9. f5 exf5 10. exf5 Ne7 11. Qe1 O-O 12. fxg6 Nxg6 13. Qg3 Qd7 14. Bd2 Rae8 15. Ng5 Bd4+ 16. Kh1 h6 17.
Nge4 Kh8 18. Bxh6 Rg8 19. Bg5 Be5 20. Bf6+ Kh7 21. Ng5+ Kh6 22. Nxf7+ Qxf7 23. Qg5+ 1-0

[Event "*** Titled Tuesday 3|2 Blitz"]
[Site "Chess.com"]
[Date "2015.01.27"]
[Round "3"]
[White "tac49"]
[Black "kleber2007"]
[Result "1-0"]
[WhiteElo "2189"]
[BlackElo "2136"]
[TimeControl "180+2"]
[EndTime "11:43:01 PST"]
[Termination "tac49 won by resignation"]

1. e4 c5 2. Nf3 e6 3. g3 d5 4. exd5 exd5 5. Bg2 Nc6 6. O-O Nf6 7. d4 Be7 8. dxc5 Bxc5 9. Bg5 O-O 10. Nc3 Be6 11. Bxf6 Qxf6 12. Nxd5 Qxb2 13. Rb1 Qxa2 14.
Ng5 Rad8 15. Qh5 Qxc2 16. Be4 Qxe4 17. Nf6+ gxf6 18. Nxe4 Bd4 19. Qh6 Bf5 20. Nxf6+ Bxf6 21. Qxf6 Bxb1 22. Rxb1 Nd4 23. Rxb7 a5 24. Rxf7 1-0

[Event "*** Titled Tuesday 3|2 Blitz"]
[Site "Chess.com"]
[Date "2015.01.27"]
[Round "3"]
[White "wonderfultime"]
[Black "petrpalachev"]
[Result "1-0"]
[WhiteElo "2548"]
[BlackElo "2409"]
[TimeControl "180+2"]
[EndTime "11:43:17 PST"]
[Termination "wonderfultime won by resignation"]

1. c4 e6 2. Nf3 d5 3. d4 Nf6 4. Nc3 c6 5. e3 Nbd7 6. Bd3 dxc4 7. Bxc4 b5 8. Bd3 a6 9. e4 c5 10. e5 cxd4 11. Nxb5 axb5 12. exf6 gxf6 13. O-O Qb6 14. Qe2 b4 15. Rd1 Bd6 16. Be4 Ra5 17.
Nxd4 Ne5 18. Nc6 Ba6 19. Qe1 Nxc6 20. Rxd6 Bb7 21. Be3 Qb5 22. Rad1 O-O 23. Bh6 Re8 24. Bxc6 Bxc6 25. Qe3 Kh8 26. Qf4 1-0

[Event "*** Titled Tuesday 3|2 Blitz"]
[Site "Chess.com"]
[Date "2015.01.27"]
[Round "3"]
[White "Danirod"]
[Black "EltajSafarli"]
[Result "0-1"]
[WhiteElo "2318"]
[BlackElo "2423"]
[TimeControl "180+2"]
[EndTime "11:43:25 PST"]
[Termination "EltajSafarli won by resignation"]

1. e4 c5 2. Nf3 e6 3. c3 d5 4.
exd5 exd5 5. d4 Nf6 6. Bb5+ Bd7 7. Bxd7+ Nbxd7 8. O-O Be7 9. dxc5 Nxc5 10. Be3 O-O 11. Nbd2 Re8 12. Nb3 Nce4 13. Bd4 Qc7 14. h3 a6 15. Re1 Bd6 16. Qd3 Nh5 17. Rad1 Nf4 18. Qf1 Rad8 19. Be3 Qc8 20. Nbd4 Ng6 21. Nc2 h6 22. Bb6 Bc7 23. Bxc7 Qxc7 24. Ne3 Qa5 25. a3 Qb6 26. Re2 Nf4 27. Rc2 Nxf2 28. Qxf2 Rxe3 29. Rcd2 Rde8 30. Kh2 Qc7 31. Qg3 R8e6 32. Rd4 R3e4 33. Nh4 Rf6 34. Kh1 Qb6 35. R4d2 Ne2 36. Qd3 Qf2 37. Nf3 Re3 38. Qxd5 Rfxf3 39. Rxe2 Rxh3+ 0-1

[Event "*** Titled Tuesday 3|2 Blitz"]
[Site "Chess.com"]
[Date "2015.01.27"]
[Round "3"]
[White "lorcho"]
[Black "lestri"]
[Result "1-0"]
[WhiteElo "2409"]
[BlackElo "2232"]
[TimeControl "180+2"]
[EndTime "11:43:46 PST"]
[Termination "lorcho won by resignation"]

1. e4 d6 2. Nc3 e5 3. Bc4 Nf6 4. d3 Be7 5. Nge2 O-O 6. O-O c6 7. Bb3 Na6 8. a4 Nc5 9. Ba2 a5 10. f4 exf4 11. Nxf4 Ne6 12. h3 Nxf4 13. Bxf4 Qb6+ 14. Kh1 Qxb2 15. Qd2 Qb6 16. Rab1 Qc7 17. Rb2 Be6 18. Bb1 Qd7 19. Nd1 d5 20. e5 Ne8 21. d4 g6 22. Bh6 Ng7 23. Nf2 f6 24. Nd3 Bf5 25. exf6 Bxf6 26. Nc5 Qd6 27. Rxb7 Rae8 28.
c3 Re7 29. Bxf5 gxf5 30. Bf4 Qd8 31. Rb8 Qxb8 32. Bxb8 Rxb8 33. Qf4 Rb2 34. Qd6 Kf7 35. Qxc6 Ree2 36. Qxd5+ Kg6 37. Nd3 Nh5 38. Qxf5+ Kh6 39. Qf3 Bh4 40. Nxb2 1-0

[Event "*** Titled Tuesday 3|2 Blitz"]
[Site "Chess.com"]
[Date "2015.01.27"]
[Round "3"]
[White "FytNob"]
[Black "GulamaliRises"]
[Result "0-1"]
[WhiteElo "1856"]
[BlackElo "2328"]
[TimeControl "180+2"]
[EndTime "11:43:50 PST"]
[Termination "GulamaliRises won on time"]

1. d4 c5 2. d5 d6 3. c4 g6 4. Nc3 Bg7 5. e4 Nf6 6. f4 O-O 7. Be2 a6 8. Nf3 b5 9. cxb5 axb5 10.
Bxb5 Ba6 11. Bd3 c4 12. Bc2 Nbd7 13. Be3 Qc7 14. O-O Rfb8 15. Rb1 Nc5 16. Kh1 Nd3 17.
Bxd3 cxd3 18. Qd2 Qc4 19. b3 Qb4 20. Rfc1 Nxe4 21. Nxe4 Qxe4 22. Rc7 h6 23. Rbc1 Re8 24. f5 g5 25. a4 Qxd5 26. b4 Bc8 27. a5 Bxf5 28.
Rb1 Be4 29. Ne1 Reb8 30. Rxe7 Rxa5 31. Rc1 Ra2 32. Rcc7 Rxd2 33. Bxd2 Bf6 34. Red7 Bf5 35. Rxf7 Qxf7 36. Rxf7 Kxf7 37. Nf3 d5 38. Kg1 Be4 39.
Kf2 Bxf3 40. Kxf3 Be7 0-1

[Event "*** Titled Tuesday 3|2 Blitz"]
[Site "Chess.com"]
[Date "2015.01.27"]
[Round "3"]
[White "KingOfConvenience"]
[Black "gumersindo"]
[Result "1-0"]
[WhiteElo "2359"]
[BlackElo "2107"]
[TimeControl "180+2"]
[EndTime "11:43:56 PST"]
[Termination "KingOfConvenience won by checkmate"]

1. c4 c6 2. Nf3 d5 3. g3 Nf6 4.
Bg2 g6 5. b3 Bg7 6. Bb2 O-O 7.
O-O b6 8. d4 Bb7 9. Nbd2 Nbd7 10. Qc2 Rc8 11. e4 dxe4 12. Nxe4 c5 13. Nxf6+ Bxf6 14. d5 Bxb2 15. Qxb2 Nf6 16. Rfe1 Qd6 17. Rad1 Rcd8 18.
Qc1 Kg7 19. Qc3 Kg8 20. Rd2 a5 21. Rde2 Rfe8 22. h3 Ra8 23. a4 Rad8 24. Re3 Bc8 25. Ne5 Bb7 26. Nd3 Bc8 27. Nf4 Kg7 28. Re5 Kg8 29. Qe3 Kf8 30. Kh2 Rd7 31. Bf3 Rc7 32. Qc3 Kg7 33. Kg2 Kg8 34. h4 Ng4 35. Bxg4 Bxg4 36.
h5 f6 37. R5e3 g5 38. Ne6 Rb7 39. h6 Bxe6 40. Rxe6 Qd7 41. Qf3 Rbb8 42. Qh5 Rbd8 43. Kg1 Kf8 44. R1e4 Qc7 45. Kg2 Rd6 46. f4 Rxe6 47.
dxe6 Qc6 48. Qf7# 1-0

[Event "*** Titled Tuesday 3|2 Blitz"]
[Site "Chess.com"]
[Date "2015.01.27"]
[Round "3"]
[White "andryusha"]
[Black "PauloCesarCosta"]
[Result "1-0"]
[WhiteElo "2041"]
[BlackElo "2024"]
[TimeControl "180+2"]
[EndTime "11:44:02 PST"]
[Termination "andryusha won on time"]

1. e4 e6 2. d4 d5 3. Nc3 Nf6 4.
Bg5 Be7 5. e5 Nfd7 6. h4 Bxg5 7.
hxg5 Qxg5 8. Nf3 Qe7 9. Nb5 Nb6 10. a4 a6 11. Nc3 Qb4 12. Qd3 Qxb2 13. Rb1 Qa3 14. Be2 Nc6 15. Rb3 Qc1+ 16. Bd1 Na5 17. Rb1 Qa3 18. O-O O-O 19. Ng5 g6 20. Qh3 h5 21. Bxh5 Qe7 22. Bg4 Qxg5 23. f4 Qe7 24. Rxb6 cxb6 25. f5 Re8 26. f6 Qf8 27. Kf2 Qb4 28.
Ne2 Qa3 29. Qxa3 Nc4 30. Qh3 Nd2 31. Rh1 Ne4+ 32. Ke3 1-0

[Event "*** Titled Tuesday 3|2 Blitz"]
[Site "Chess.com"]
[Date "2015.01.27"]
[Round "3"]
[White "TooOldTooSlow70"]
[Black "Dlugy"]
[Result "1-0"]
[WhiteElo "2332"]
[BlackElo "2560"]
[TimeControl "180+2"]
[EndTime "11:44:08 PST"]
[Termination "TooOldTooSlow70 won by checkmate"]

1. Nf3 d5 2. d4 c5 3. c4 cxd4 4.
cxd5 Nf6 5. Qxd4 Qxd5 6. Nc3 Qxd4 7. Nxd4 Bd7 8. g3 Nc6 9. Be3 Ng4 10. Bg2 Nxe3 11. fxe3 Rc8 12. Nxc6 Bxc6 13. Bxc6+ Rxc6 14. Kf2 e6 15. Rac1 a6 16. Ne4 Rxc1 17. Rxc1 Kd7 18. Rd1+ Kc7 19. Rc1+ Kb8 20. Rd1 Be7 21. h4 Rc8 22. Rd7 Rc7 23. Rxc7 Kxc7 24. h5 Kc6 25.
Kf3 Kd5 26. g4 Ke5 27. Nd2 Bb4 28. Nb3 Kd5 29. e4+ Kc4 30. Nc1 Bc5 31. e3 Bd6 32.
Ke2 Be5 33. Nd3 Bd6 34. Kd2 f6 35. Kc2 g5 36. a4 b5 37. b3# 1-0

[Event "*** Titled Tuesday 3|2 Blitz"]
[Site "Chess.com"]
[Date "2015.01.27"]
[Round "3"]
[White "vovkcoach"]
[Black "BeerLag"]
[Result "1-0"]
[WhiteElo "2458"]
[BlackElo "2205"]
[TimeControl "180+2"]
[EndTime "11:44:09 PST"]
[Termination "vovkcoach won on time"]

1. e4 c5 2. Nf3 d6 3. d4 cxd4 4.
Nxd4 Nf6 5. Nc3 a6 6. Bg5 e6 7. Qf3 Be7 8. O-O-O Qc7 9. Be2 b5 10. Bxf6 gxf6 11. e5 Bb7 12. Qh5 dxe5 13. Nxe6 Qa5 14. Bf3 Nc6 15. Nd5 Rc8 16. Ng7+ Kf8 17. Qh6 Nb4 18.
a3 Bxd5 19. Bxd5 Rxc2+ 20. Kb1 Rxb2+ 21. Kxb2 Nxd5 22. Nf5+ 1-0

[Event "*** Titled Tuesday 3|2 Blitz"]
[Site "Chess.com"]
[Date "2015.01.27"]
[Round "3"]
[White "VovAn1991"]
[Black "MinhGTrAn"]
[Result "1-0"]
[WhiteElo "2458"]
[BlackElo "2438"]
[TimeControl "180+2"]
[EndTime "11:44:16 PST"]
[Termination "VovAn1991 won by resignation"]

1. g3 d5 2. Bg2 Nf6 3. d3 Bf5 4.
f4 c6 5. Nf3 e6 6. O-O h6 7. c3 Nbd7 8. Kh1 Qb6 9. Na3 Bxa3 10. bxa3 Qc5 11. Qb3 Nb6 12. a4 Qa5 13. Nd4 Qxa4 14.
Nxf5 exf5 15. Ba3 Qxb3 16. axb3 Kd7 17. Bc5 Nc8 18. Bd4 Ne8 19. Bh3 Ncd6 20. e4 Nb5 21.
Bxf5+ Kd8 22. Bb6+ Ke7 23. c4 Ned6 24. Bc5 b6 25. Bf2 Nxf5 26. cxb5 Nd6 27. bxc6 dxe4 28. dxe4 Nxe4 29. Bd4 Rhc8 30. Rac1 g6 31. f5 Nd2 32. Rfe1+ Kd6 33. Rc3 gxf5 34. Be5+ Ke6 35. Bf4+ Ne4 36.
c7 h5 37. Kg2 b5 38. Rc6+ Kd5 39. Ra6 Kd4 40. Rc6 a5 41. Rd1+ 1-0

[Event "*** Titled Tuesday 3|2 Blitz"]
[Site "Chess.com"]
[Date "2015.01.27"]
[Round "3"]
[White "Rogue_King"]
[Black "chesstatour"]
[Result "0-1"]
[WhiteElo "2001"]
[BlackElo "1889"]
[TimeControl "180+2"]
[EndTime "11:44:19 PST"]
[Termination "chesstatour won by checkmate"]

1. d4 Nf6 2. c4 e5 3. dxe5 Ng4 4.
Bf4 Nc6 5. Nf3 Bb4+ 6. Nc3 Qe7 7. Qd5 Bxc3+ 8. bxc3 Qa3 9. Qd3 Qe7 10. Qd5 Qa3 11. Rd1 Qxc3+ 12. Bd2 Qb2 13. Ng5 O-O 14.
Qe4 f5 15. Qd5+ Kh8 16. Nf7+ Rxf7 17. Qxf7 h6 18. Qf8+ Kh7 19. Qxf5+ g6 20. Qxg4 Nb4 21. f4 d6 22. Qf3 Nc2+ 23. Kf2 dxe5 24. fxe5 Be6 25.
Qf6 Re8 26. Qf4 Qd4+ 27. Qxd4 Nxd4 28. e3 Rf8+ 29. Kg3 Nf5+ 30. Kf4 g5+ 31. Ke4 Bd7 32. Bd3 Bc6# 0-1

[Event "*** Titled Tuesday 3|2 Blitz"]
[Site "Chess.com"]
[Date "2015.01.27"]
[Round "3"]
[White "stepanosinovsky"]
[Black "alturas_pacificas"]
[Result "1-0"]
[WhiteElo "2241"]
[BlackElo "2116"]
[TimeControl "180+2"]
[EndTime "11:44:49 PST"]
[Termination "stepanosinovsky won by checkmate"]

1. e4 c6 2. d3 d5 3. Nd2 dxe4 4.
dxe4 Qc7 5. Ngf3 e5 6. Bc4 a5 7. a4 h6 8. O-O Nf6 9. c3 Bg4 10. h3 Bxf3 11. Nxf3 Nbd7 12. Qe2 Be7 13. Nh4 g6 14. g3 Kf8 15. f4 Kg7 16. Nf3 Rad8 17. Kg2 Rhe8 18. f5 g5 19. Be3 Bc5 20. Bd2 Nf8 21.
Rae1 N8h7 22. Bc1 Rd7 23. g4 Red8 24. Rh1 Qb8 25. h4 Nxg4 26. hxg5 b5 27. Ba2 bxa4 28. f6+ Kg8 29. Rh4 Ne3+ 30. Bxe3 Bxe3 31. Qxe3 Qxb2+ 32. Re2 Qa1 33. Rxh6 Rd1 34. Qf2 Nxg5 35. Nxg5 R1d2 36.
Bxf7+ Kf8 37. Rh8# 1-0

[Event "*** Titled Tuesday 3|2 Blitz"]
[Site "Chess.com"]
[Date "2015.01.27"]
[Round "3"]
[White "FairChess_on_YouTube"]
[Black "Tilicheev_Viacheslav"]
[Result "1-0"]
[WhiteElo "2721"]
[BlackElo "2506"]
[TimeControl "180+2"]
[EndTime "11:44:55 PST"]
[Termination "FairChess_on_YouTube won by resignation"]

1. e4 c5 2. Ne2 Nc6 3. Nbc3 d6 4. d4 cxd4 5. Nxd4 Nf6 6. Be3 Ng4 7. Bc4 Nxe3 8.
fxe3 e6 9. O-O Be7 10. Qh5 O-O 11. Rad1 Qa5 12. Qe2 Bd7 13. Bb3 a6 14. Kh1 Qe5 15. Qg4 Qg5 16. Qh3 b5 17. Nce2 Ne5 18. Nf4 Qh4 19.
Qxh4 Bxh4 20. Nf3 Nxf3 21. gxf3 Be7 22. e5 d5 23. e4 d4 24. Rxd4 Rfd8 25. Rfd1 Bc6 26.
c3 Kf8 27. Kg2 Ke8 28. Nh5 Kf8 29. Ng3 Ke8 30. Nh5 Kf8 31. Ng3 Ke8 32. f4 Bc5 33. Kf2 b4 34. f5 bxc3 35. bxc3 Ke7 36. Kf3 Bxd4 37. cxd4 Rab8 38. Kf4 Rb4 39. Ke3 Ba4 40. Bxa4 Rxa4 41. d5 Rxa2 42. d6+ Ke8 43. Nh5 exf5 44.
Nxg7+ Kd7 45. exf5 Ra3+ 46. Kf4 Ra4+ 47. Kg5 Ra2 48.
e6+ fxe6 49. fxe6+ Kc6 50. e7 Rg8 51. e8=Q+ Rxe8 52. Nxe8 Kd7 53. Nf6+ Kd8 54. Re1 Rg2+ 55. Kh4 Rxh2+ 56. Kg3 1-0

[Event "*** Titled Tuesday 3|2 Blitz"]
[Site "Chess.com"]
[Date "2015.01.27"]
[Round "3"]
[White "jbj"]
[Black "quitforever"]
[Result "0-1"]
[WhiteElo "2221"]
[BlackElo "2219"]
[TimeControl "180+2"]
[EndTime "11:45:00 PST"]
[Termination "quitforever won by resignation"]

1. e4 e5 2. Nf3 Nc6 3. Bc4 Nf6 4.
d3 Bc5 5. c3 d6 6. O-O h6 7. Qe2 O-O 8. b4 Bb6 9. a4 a5 10. b5 Ne7 11. Na3 Ng6 12. Nc2 Re8 13. Be3 d5 14. exd5 Nxd5 15. Bxd5 Qxd5 16. Bxb6 cxb6 17.
Qe4 Be6 18. Qe3 Rac8 19. Qxb6 Rxc3 20. Ne3 Qc5 21. Qxa5 Nf4 22. Rfd1 Bb3 23. Rdb1 Nxd3 24. Rf1 e4 25. Nd2 Nxf2 26. Rxf2 Qxe3 27. Nxb3 Rxb3 28.
Re1 Qc5 29. Kf1 Qc4+ 30. Rfe2 Rb4 31. Qa7 Re6 32. Qa8+ Kh7 33. Qxb7 Rb2 34. Qxf7 Rf6+ 35. Qxf6 gxf6 36. Kf2 Rxe2+ 37. Rxe2 Qxa4 38. g3 f5 39. Rb2 Qd4+ 0-1

[Event "*** Titled Tuesday 3|2 Blitz"]
[Site "Chess.com"]
[Date "2015.01.27"]
[Round "3"]
[White "Max_Schachmann"]
[Black "oggy1984"]
[Result "1-0"]
[WhiteElo "2406"]
[BlackElo "2190"]
[TimeControl "180+2"]
[EndTime "11:45:10 PST"]
[Termination "Max_Schachmann won on time"]

1. e4 e5 2. Nf3 Nc6 3. Bb5 a6 4.
Ba4 d6 5. h3 Bd7 6. O-O Nf6 7.
Re1 b5 8. Bb3 Na5 9. c3 Nxb3 10.
axb3 Be7 11. d4 Bc6 12. d5 Bb7 13. Bg5 O-O 14. Bxf6 Bxf6 15. b4 c6 16. dxc6 Bxc6 17. Nbd2 Re8 18. Nb3 d5 19. Na5 dxe4 20. Nd2 Bd5 21. Nxe4 Be7 22. Nc5 f6 23. Qg4 Bxc5 24. bxc5 Qc7 25. b4 Rad8 26. Rad1 Bf7 27. Qf3 e4 28.
Qe3 f5 29. Qg5 g6 30. Qf6 h6 31. Qxa6 f4 32. Qxb5 e3 33. fxe3 fxe3 34. Rd3 e2 35. Rxe2 Qf4 36. Rxd8 Rxd8 37. Rf2 Rd1+ 38. Rf1 Qe3+ 39.
Kh1 Qc1 40. Rxd1 Qxd1+ 41. Kh2 Bd5 42. Qe8+ Kg7 43. Qe5+ Kf7 44. Qf4+ Kg7 45. c6 1-0

[Event "*** Titled Tuesday 3|2 Blitz"]
[Site "Chess.com"]
[Date "2015.01.27"]
[Round "3"]
[White "Malev212"]
[Black "GasconJR"]
[Result "1-0"]
[WhiteElo "1963"]
[BlackElo "1956"]
[TimeControl "180+2"]
[EndTime "11:45:35 PST"]
[Termination "Malev212 won on time"]

1. d4 Nf6 2. c4 e6 3. Nc3 Bb4 4. e3 b6 5. Ne2 c5 6. a3 Ba5 7. Rb1 Na6 8. Ng3 O-O 9. Bd3 d5 10. O-O Bb7 11. cxd5 exd5 12. Nf5 Re8 13. Bc2 c4 14. Bd2 Nc7 15. b4 cxb3 16. Bxb3 Ba6 17. Re1 Bc4 18. Bxc4 dxc4 19. Qf3 Bxc3 20. Bxc3 Ne4 21.
Ba1 Nd5 22. a4 c3 23. Rbc1 Rc8 24. Qg4 g6 25. f3 Nef6 26. Qg3 Nh5 27. Qg4 Ndf6 28.
Qg5 Nd5 29. Qh6 Qf6 30. e4 gxf5 31. Qxh5 Qxd4+ 32. Kh1 fxe4 33. fxe4 Rxe4 34. Rf1 Rf4 35. Rfd1 Qf6 36. Qxd5 Rf2 37. h3 Qg6 38. Re1 h5 39.
Bxc3 Kh7 40. Bd4 Rd8 41. Qe5 Rxd4 42. Rg1 Rdd2 43. Rc8 1-0

[Event "*** Titled Tuesday 3|2 Blitz"]
[Site "Chess.com"]
[Date "2015.01.27"]
[Round "3"]
[White "LADIESGET2KNOWME"]
[Black "zmaj23"]
[Result "1-0"]
[WhiteElo "2301"]
[BlackElo "2175"]
[TimeControl "180+2"]
[EndTime "11:45:40 PST"]
[Termination "LADIESGET2KNOWME won by resignation"]

1. d4 Nf6 2. Nc3 d5 3. Bg5 Nc6 4. f3 e6 5. e4 h6 6. Bh4 dxe4 7.
Bb5 g5 8. Bg3 Bd6 9. fxe4 Bxg3+ 10. hxg3 Bd7 11. Nf3 Qe7 12. e5 Nd5 13. Qd2 O-O-O 14. O-O-O a6 15. Ba4 Qb4 16. Bb3 Nb6 17. Ne4 Qe7 18. Kb1 Na7 19. Nf6 Bc6 20. Qe3 a5 21. a3 a4 22. Ba2 Bb5 23. Qc3 Be2 24. Rd2 Bxf3 25. gxf3 Nb5 26. Qe3 Kb8 27. c4 Na7 28. g4 Nc6 29. Rhd1 Na5 30. Qc3 Nc6 31. Re1 Na7 32. d5 Nac8 33. Red1 Nd7 34.
Nxd7+ Rxd7 35. d6 cxd6 36. exd6 Qd8 37. c5 Re8 38. Qb4 Na7 39. Qxa4 Nc6 40. Qb5 e5 41. Bd5 Qc8 42. Bxc6 Qxc6 43. Qxc6 bxc6 44. b4 e4 45. Re2 e3 46. Rd3 Kb7 47. Rdxe3 Re4 48. Rxe4 1-0

[Event "*** Titled Tuesday 3|2 Blitz"]
[Site "Chess.com"]
[Date "2015.01.27"]
[Round "3"]
[White "chorejason"]
[Black "SidArun"]
[Result "0-1"]
[WhiteElo "1944"]
[BlackElo "1828"]
[TimeControl "180+2"]
[EndTime "11:45:52 PST"]
[Termination "SidArun won by resignation"]

1. e4 c6 2. d4 d5 3. Nc3 dxe4 4. Nxe4 Bf5 5. Ng3 Bg6 6. h4 h6 7.
Nf3 Nd7 8. h5 Bh7 9. Bd3 Bxd3 10. Qxd3 e6 11. Bf4 Qa5+ 12. Bd2 Bb4 13. c3 Be7 14. c4 Qc7 15. O-O-O Ngf6 16. Kb1 c5 17. d5 exd5 18. cxd5 Nb6 19. Ba5 O-O-O 20. Qf5+ Kb8 21. Rhe1 Bd6 22. Ne5 Bxe5 23. Rxe5 Rhe8 24. Rxe8 Nxe8 25. Ne4 Nd6 26. Nxd6 Rxd6 27. Bc3 f6 28. Qh7 Qd7 29. Qg8+ Nc8 30. Bd2 Qf5+ 31. Ka1 Kc7 32. g3 Kb6 33. Bf4 Ne7 34. Qe8 Rxd5 35. Re1 Qc2 36. a3 Rd1+ 37. Rxd1 Qxd1+ 38. Ka2 Qd5+ 39. Ka1 Nc6 40. Qe2 Qb3 41. Qd2 Nd4 42. Be3 Nc2+ 43.
Kb1 Nxe3 44. f3 Nc4 45. Qe2 Nxa3+ 46. Kc1 Nc4 47. Qe6+ Kb5 48. Qe2 Kb4 49. Qe1+ Kb5 50. Qe2 Qa2 51. Qe8+ Kb4 52. Qe2 Qa1+ 53. Kc2 Qxb2+ 54.
Kd3 Qxe2+ 55. Kxe2 a5 0-1

[Event "*** Titled Tuesday 3|2 Blitz"]
[Site "Chess.com"]
[Date "2015.01.27"]
[Round "3"]
[White "Kacparov"]
[Black "WanderingPuppet"]
[Result "1-0"]
[WhiteElo "2369"]
[BlackElo "2116"]
[TimeControl "180+2"]
[EndTime "11:46:21 PST"]
[Termination "Kacparov won on time"]

1. b3 c5 2. Bb2 Nc6 3. e3 Nf6 4. f4 e6 5. Nf3 Be7 6. Bb5 O-O 7. O-O a6 8. Bxc6 bxc6 9. d3 d5 10.
Nbd2 Rb8 11. Ne5 Qb6 12. Qf3 Nd7 13. Qg3 f6 14. Nxd7 Bxd7 15. Kh1 Qc7 16. e4 Rf7 17. Bc3 Rbf8 18. Rae1 Bd6 19. h3 Kh8 20. Qh4 Be7 21.
Qh5 Bd6 22. e5 Be7 23. f5 fxe5 24. fxe6 Rxf1+ 25. Rxf1 Bxe6 26. Bxe5 Rxf1+ 27. Nxf1 Qd8 28. Qh6 Bf6 29. Bxf6 Qxf6 30. Qxf6 gxf6 31. Nd2 Kg7 32. Kh2 Kf7 33. Kg3 Kg6 34. Kf4 h5 35. c3 Bf5 36.
d4 cxd4 37. cxd4 Bd3 38. g3 a5 39. a3 Be2 40. b4 axb4 41. axb4 Kf7 42. Nb3 Kg6 43.
Nc5 Bf1 44. h4 Bb5 45. Ne6 Ba4 46. Nd8 Bb5 47. Nb7 Ba4 48. Nd6 Bd1 49. Nc8 Ba4 50. Ne7+ Kf7 51. Nf5 Kg6 52. Ne3 Bb5 53. g4 hxg4 54. Nxg4 Be2 55. Ne3 Kh5 56. Kf5 Kxh4 57.
Kxf6 Kg3 58. Ke5 Kf3 59. Nf5 Bd3 60. Ne7 Bb5 61. Kd6 Ke3 62. Kc5 Kd3 63. Nxc6 1-0

[Event "*** Titled Tuesday 3|2 Blitz"]
[Site "Chess.com"]
[Date "2015.01.27"]
[Round "3"]
[White "TomsKantans"]
[Black "Carolina-moon"]
[Result "1-0"]
[WhiteElo "2240"]
[BlackElo "1998"]
[TimeControl "180+2"]
[EndTime "11:46:59 PST"]
[Termination "TomsKantans won by resignation"]

1. e4 c5 2. Nf3 d6 3. d4 cxd4 4.
Nxd4 Nf6 5. Nc3 a6 6. Be3 e5 7. Nb3 Be6 8. f3 Nbd7 9. Qd2 Be7 10.
O-O-O O-O 11. g4 b5 12. g5 b4 13. Ne2 Nh5 14. f4 exf4 15. Nxf4 Nxf4 16. Bxf4 Ne5 17. Kb1 a5 18. Nd4 Qc8 19. h4 a4 20. h5 Nc4 21.
Bxc4 Qxc4 22. Nxe6 Qxe6 23. Qd5 Rfd8 24. g6 Qxd5 25.
gxh7+ Kxh7 26. Rxd5 a3 27. Rhd1 axb2 28. Bxd6 Bxd6 29.
Rxd6 Re8 30. R1d4 Ra5 31. Rd7 Rxh5 32. Rxf7 Rh4 33. Rxb4 Rhxe4 34. Rbb7 Rg4 35. Kxb2 Kh6 36. Kb3 Re3+ 37. c3 Rgg3 38. Rbc7 g6 39. a4 Kh5 40. a5 Re1 41. Rc5+ g5 42. Kc4 Rg4+ 43. Kb5 Rb1+ 44. Ka6 Ra4 45. Rb7 Rba1 46. Rb4 R4a3 47. Rbb5 Rg1 48. Kb6 Kh4 49. a6 g4 50. Ra5 Rb3+ 51. Kc7 Rf1 52. a7 Rf7+ 53. Kd6 Rb6+ 54. Ke5 Rbf6 55. a8=Q Rf5+ 56. Kd4 Rf4+ 57. Kd3 Rf3+ 58. Kc2 Rf1 59. Rh5+ Kg3 60. Qb8+ Kg2 61. Qa8+ R7f3 62.
Rag5 Rf2+ 63. Kb3 Kg3 64. Qe4 Rf4 65. Qe5 Rf1 66. Rh7 Rb1+ 67. Kc2 Ra1 68. Rf7 Ra2+ 69. Kb3 Rf2 70. Rxf4 Rxf4 71. Rf5 1-0

[Event "*** Titled Tuesday 3|2 Blitz"]
[Site "Chess.com"]
[Date "2015.01.27"]
[Round "3"]
[White "iFrancisco"]
[Black "bugsbunny444"]
[Result "1-0"]
[WhiteElo "2426"]
[BlackElo "2263"]
[TimeControl "180+2"]
[EndTime "11:47:01 PST"]
[Termination "iFrancisco won by resignation"]

1. e4 e6 2. d4 d5 3. exd5 exd5 4.
Nf3 Bg4 5. Bd3 Bd6 6. O-O Ne7 7. Nbd2 Qd7 8. Re1 Nc6 9. c3 O-O 10. Nf1 Rae8 11. Ne3 Bh5 12. Ne5 Nxe5 13. Bxh7+ Kxh7 14. Qxh5+ Kg8 15. dxe5 Bc5 16. b4 Bb6 17. f4 f6 18.
exf6 Nf5 19. fxg7 Qxg7 20. Qf3 Qxc3 21. Bb2 Bxe3+ 22. Kh1 Qxb2 23. Qxd5+ Kh8 24. g4 Ng7 25. f5 Qxb4 26. Rab1 Qe4+ 27. Qxe4 Rxe4 28. Rxb7 Rf7 29. h3 Re8 30. Rb3 Bb6 31. Rd1 Rfe7 32. Kg2 Re2+ 33. Kg3 R2e3+ 34. Rxe3 Rxe3+ 35. Kh4 Re8 36. Rd7 Kg8 37.
Kg5 Rf8 38. Kg6 Ne8 39. g5 Nd6 40. Rg7+ Kh8 41. Rh7+ Kg8 42. f6 Rf7 43. Rh4 Rf8 44. Rg4 Nf7 45. Re4 Nh8+ 46. Kf5 Nf7 47. Re7 Nd6+ 48.
Kg6 Rf7 49. Re6 Rf8 50. h4 Nf7 51. h5 Bd4 52. h6 Nh8+ 53. Kf5 Bc5 54. g6 Nxg6 55.
Kxg6 Bd6 56. h7+ Kh8 57. Re4 Ba3 58. Ra4 Bb2 59. f7 Be5 60. Rxa7 Bd6 61. Ra4 Rb8 62. Re4 Bf8 63. Re8 Rb6+ 64. Kf5 Kg7 65. Rxf8 Rf6+ 66.
Ke5 1-0

[Event "*** Titled Tuesday 3|2 Blitz"]
[Site "Chess.com"]
[Date "2015.01.27"]
[Round "3"]
[White "rhungaski"]
[Black "pKiLz5Rn9b"]
[Result "1/2-1/2"]
[WhiteElo "2365"]
[BlackElo "2277"]
[TimeControl "180+2"]
[EndTime "11:47:10 PST"]
[Termination "Game drawn - insufficient material"]

1. e4 e6 2. d4 d5 3. exd5 exd5 4.
Nf3 Bd6 5. Bg5 Ne7 6. Nbd2 Nbc6 7. c3 Bf5 8. b4 Qd7 9. Be2 f6 10.
Bh4 O-O-O 11. Nb3 Rde8 12. O-O g5 13. Bg3 h5 14. Bxd6 Qxd6 15. b5 Nd8 16. a4 h4 17.
Nfd2 Ne6 18. c4 dxc4 19. Nxc4 Qd8 20. Ne3 Bg6 21. Rc1 Nd5 22. a5 Nef4 23. b6 axb6 24. axb6 Nxb6 25. Bg4+ f5 26. Nxf5 Bxf5 27. Bxf5+ Kb8 28.
Bg4 h3 29. g3 Qd5 30. Bf3 Ne2+ 31. Qxe2 Rxe2 32. Bxd5 Nxd5 33. Rfe1 Rhe8 34. Kf1 Rxe1+ 35. Rxe1 Rxe1+ 36. Kxe1 Nf6 37. f3 g4 38. Ke2 b6 39. Nc1 Kc8 40. Nd3 b5 41. Ne5 gxf3+ 42. Kxf3 b4 43. Nd3 b3 44. g4 Nd5 45. g5 Kd8 46.
Kg4 Ke8 47. Nb2 Nc3 48. Kxh3 Ne2 49. d5 Nc3 50. Kg4 Nxd5 51. h4 Kf7 52. Kf5 c6 53. h5 Ne3+ 54. Ke4 Nc2 55. Nc4 Nb4 56. Kd4 Nd5 57. Ke5 Ne3 58. Nb2 c5 59. Ke4 c4 60.
Kd4 Kg7 61. Na4 Nf5+ 62. Kxc4 Ng3 63. h6+ Kg6 64. Nc3 Nf5 65. Kxb3 Nxh6 66. Ne4 Nf7 67. Kc4 Nxg5 68. Nxg5 1/2-1/2

[Event "*** Titled Tuesday 3|2 Blitz"]
[Site "Chess.com"]
[Date "2015.01.27"]
[Round "3"]
[White "guillead1"]
[Black "162a54f5d"]
[Result "0-1"]
[WhiteElo "2387"]
[BlackElo "2293"]
[TimeControl "180+2"]
[EndTime "11:47:19 PST"]
[Termination "162a54f5d won by resignation"]

1. d4 f5 2. c4 Nf6 3. Nf3 g6 4.
g3 Bg7 5. Bg2 d6 6. O-O O-O 7.
Nc3 Nc6 8. d5 Ne5 9. Qc2 Nxf3+ 10. Bxf3 a6 11. b3 Rb8 12. a4 e5 13. dxe6 Bxe6 14.
Bb2 Nd7 15. Nd5 Ne5 16. Bg2 Qd7 17. Bc3 c6 18. Nf4 Bf7 19. Rfd1 Qe7 20. Qb2 Rfe8 21.
Rd2 g5 22. Nd3 Bg6 23. Nxe5 Bxe5 24. Bxe5 Qxe5 25. Qxe5 dxe5 26. Rad1 Re7 27. a5 Kg7 28. b4 Bf7 29. Rc1 Rc8 30. e4 Be6 31. exf5 Bxf5 32. Re1 c5 33. b5 Ra8 34. b6 e4 35. Rd5 Kf6 36. Rxc5 Rd8 37. h3 Rd4 38. g4 Bd7 39.
Re3 Bc6 40. Kh2 Re5 41. Rxe5 Kxe5 42. Bf1 Rd2 43. Kg3 Ra2 44. h4 h6 45. hxg5 hxg5 46. Re1 Ra3+ 47. Kg2 Rxa5 48. f3 Kf4 49. fxe4 Bxe4+ 50. Kg1 Ra3 51. Rd1 Rg3+ 52. Kf2 Rf3+ 53. Ke2 Rc3 54.
Rd7 Rxc4 55. Kd1 Rb4 56. Rd6 Rb1+ 57. Ke2 Bf3+ 58. Kf2 Rb2+ 59. Kg1 Bc6 60. Rd4+ Kg3 61. Rd6 Rxb6 62. Rg6 Kxg4 63. Be2+ Kf4 64. Rf6+ Ke5 65. Rg6 Rb1+ 66. Kf2 Rb2 67. Rxg5+ Kd6 68. Rg6+ Kc7 69. Ke3 Rb3+ 70. Kd2 Kb6 71. Kc2 Rb4 72. Kc3 Re4 73. Bd3 Re3 74. Rg4 Bb5 75. Rg6+ Ka5 76. Kd4 Rxd3+ 77.
Kc5 Rc3+ 78. Kd4 Rc4+ 0-1